 Dungeon Crawl Stone Soup version 0.30-a0-728-gc68057be0a (webtiles) character file.

Game seed: 373013143169370187

136868 Depression the Devastator (level 16, -13/134 HPs)
             Began as a Yellow Draconian Conjurer on Dec 8, 2022.
             Was an Elder of Sif Muna.
             Mangled by a naga warrior
             ... wielding a +0 scimitar
              (43 damage)
             ... on level 3 of the Snake Pit on Jan 31, 2023.
             The game lasted 03:49:46 (39645 turns).

Depression the Devastator (DrCj)                   Turns: 39645, Time: 03:49:47

Health: -13/134    AC: 16    Str: 12    XL:     16   Next: 67%
Magic:  10/36      EV: 14    Int: 28    God:    Sif Muna [****..]
Gold:   2404       SH:  0    Dex: 16    Spells: 1/47 levels left

rFire   + . .      SeeInvis .    M - +6 quarterstaff "Buitoap" {heavy, Drain rC++ Dex+4}
rCold   + + .      Faith    .    (shield currently unavailable)
rNeg    . . .      Spirit   .    (body armour unavailable)
rPois   +          Reflect  .    I - +1 hat "Zobretzi" {rElec}
rElec   +          Harm     .    K - +2 cloak
rCorr   +          Rampage  +    P - +0 pair of gloves
Will    ++...                    O - +1 pair of boots {rampage}
Stlth   ++                       G - amulet of regeneration
HPRegen 1.22/turn                d - ring "Duoxkufe" {rF+ Will+ Int+3 Dex+3}
MPRegen 0.25/turn                J - ring of poison resistance {rP+}

@: channelling
A: spit acid, AC +9, unfitting armour, acidic bite, cold-blooded, acid
resistance
a: Breathe Acid, Renounce Religion, Channel Magic, Forget Spell, Divine Exegesis


You were on level 3 of the Snake Pit.
You worshipped Sif Muna.
Sif Muna was greatly pleased with you.
You visited 4 branches of the dungeon, and saw 25 of its levels.

You collected 3583 gold pieces.
You spent 1179 gold pieces at shops.

Inventory:

Hand Weapons
 k - a +1 demon blade of electrocution
 M - the +6 quarterstaff "Buitoap" (weapon) {heavy, Drain rC++ Dex+4}
   (You acquired it on level 11 of the Dungeon)

   Dex:       It affects your dexterity (+4).
   rC:        It greatly protects you from cold.
   Drain:     It drains your maximum health when unequipped.
Missiles
 b - 6 atropa-tipped darts {Blind + Confuse}
 j - 6 datura-tipped darts {Frenzy}
 u - 7 throwing nets
 A - 4 curare-tipped darts {Slowing}
 F - 2 silver boomerangs
 Z - 2 boomerangs of dispersal
Armour
 t - a +0 buckler
 I - the +1 hat "Zobretzi" (worn) {rElec}
   (You acquired it on level 1 of the Snake Pit)

   rElec:     It insulates you from electricity.
 K - a +2 cloak (worn)
 O - a +1 pair of boots of rampaging (worn)
 P - a +0 pair of gloves (worn)
Jewellery
 d - the ring "Duoxkufe" (left hand) {rF+ Will+ Int+3 Dex+3}
   (You acquired it on level 2 of the Lair of Beasts)

   [ring of willpower]

   Int:       It affects your intelligence (+3).
   Dex:       It affects your dexterity (+3).
   rF:        It protects you from fire.
   Will:      It increases your willpower.
 s - a ring of see invisible {sInv}
 G - an amulet of regeneration (around neck)
 J - a ring of poison resistance (right hand) {rP+}
 T - a +4 ring of protection
 W - a ring of flight {+Fly}
Wands
 p - a wand of flame (26) (quivered)
 x - a wand of iceblast (5)
 C - a wand of quicksilver (8)
 E - a wand of charming (26)
 N - a wand of digging (20)
 U - a wand of polymorph (8)
Scrolls
 g - 2 scrolls of blinking
 h - 20 scrolls of teleportation
 n - 8 scrolls of butterflies
 o - 4 scrolls of silence
 q - 7 scrolls of poison
 r - a scroll of amnesia
 v - 4 scrolls of enchant weapon
 D - 10 scrolls of magic mapping
 H - 2 scrolls of vulnerability
 R - a scroll of enchant armour
 X - 3 scrolls of summoning
Potions
 a - 2 potions of magic
 c - 3 potions of cancellation
 e - 4 potions of mutation
 f - 4 potions of invisibility
 i - a potion of berserk rage
 l - 4 potions of brilliance
 m - 5 potions of haste
 w - a potion of heal wounds
 z - 7 potions of curing
 B - 4 potions of attraction
 L - 5 potions of lignification
 Q - 5 potions of flight
 S - 4 potions of ambrosia
 Y - a potion of resistance
Miscellaneous
 y - a lightning rod (3/4)
 V - a phial of floods (inert)


   Skills:
 - Level 10.0 Fighting
 - Level 5.0 Dodging
 - Level 2.0 Stealth
 - Level 16.0 Spellcasting
 + Level 19.4 Conjurations
 - Level 2.0 Hexes
 - Level 5.0 Summonings
 - Level 4.0 Translocations
 - Level 1.0 Ice Magic
 - Level 4.0 Air Magic
 + Level 5.5 Earth Magic
 - Level 8.0 Invocations
 - Level 5.0 Evocations


You had one spell level left.
You knew the following spells:

 Your Spells              Type           Power      Damage    Failure   Level
a - Magic Dart            Conj           100%       1d8       0%          1
b - Searing Ray           Conj           100%       2d8       0%          2
c - Iskenderun's Mystic   Conj/Tloc      73%        2d15      1%          4
d - Fulminant Prism       Conj/Hex       35%        3d17      1%          4
e - Stone Arrow           Conj/Erth      100%       3d13      1%          3
f - Orb of Destruction    Conj           46%        9d12      1%          7
g - Iskenderun's Battles  Conj           93%        2d14      1%          5
h - Lightning Bolt        Conj/Air       36%        1d54      1%          5
i - Arcjolt               Conj/Air       36%        1d46      1%          5
j - Vhi's Electric Charg  Tloc/Air       88%        N/A       1%          3
k - Spellforged Servitor  Conj/Summ      37%        N/A       12%         7

Your spell library contained the following spells:

 Spells                   Type           Power      Damage    Failure   Level
 Apportation              Tloc           88%        N/A       1%          1
 Foxfire                  Conj/Fire      100%       2x1d9     1%          1
 Freeze                   Ice            100%       1d10      1%          1
 Kiss of Death            Conj/Necr      100%       2d13      1%          1
 Sandblast                Erth           100%       2d20      1%          1
 Necrotise                Necr           88%        1d8       2%          1
 Cigotuvi's Dreadful Rot  Necr/Pois/Air  58%        N/A       1%          2
 Ensorcelled Hibernation  Hex/Ice        62%        N/A       1%          2
 Lesser Beckoning         Tloc           88%        N/A       1%          2
 Passwall                 Tmut/Erth      30%        N/A       1%          2
 Poisonous Vapours        Pois/Air       66%        N/A       1%          2
 Static Discharge         Conj/Air       100%       2-7/arc   1%          2
 Dazzling Flash           Conj/Hex       100%       N/A       1%          3
 Gell's Gravitas          Tloc           44%        N/A       1%          3
 Hailstorm                Conj/Ice       68%        3d14      1%          3
 Mephitic Cloud           Conj/Pois/Air  60%        N/A       1%          3
 Portal Projectile        Hex/Tloc       78%        N/A       1%          3
 Summon Guardian Golem    Hex/Summ       42%        N/A       1%          3
 Swiftness                Air            44%        N/A       1%          3
 Teleport Other           Tloc           44%        N/A       1%          3
 Flame Wave               Conj/Fire      67%        2d15      1%          4
 Sticky Flame             Conj/Fire      67%        2d8       1%          4
 Fireball                 Conj/Fire      33%        3d14      1%          5
 Freezing Cloud           Conj/Ice/Air   31%        6-21      1%          5
 Iron Shot                Conj/Erth      37%        9d7       1%          6
 Tukima's Dance           Hex            33%        N/A       2%          3
 Conjure Ball Lightning   Conj/Air       36%        3x3d12    2%          6
 Summon Lightning Spire   Summ/Air       47%        N/A       3%          4
 Frozen Ramparts          Ice            56%        1d9       4%          3
 Inner Flame              Hex/Fire       28%        N/A       4%          3
 Ozocubu's Armour         Ice            28%        N/A       4%          3
 Airstrike                Air            22%        2d(4-20)  4%          4
 Manifold Assault         Tloc           44%        N/A       4%          4
 Passage of Golubria      Tloc           44%        N/A       4%          4
 Spider Form              Tmut/Pois      22%        N/A       6%          3
 Vampiric Draining        Necr           22%        2d7       6%          3
 Anguish                  Hex/Necr       14%        N/A       14%         4
 Silence                  Hex/Air        19%        N/A       17%         5
 Borgnjor's Vile Clutch   Necr/Erth      18%        N/A       19%         5
 Animate Dead             Necr           22%        N/A       22%         4
 Yara's Violent Unravell  Hex/Tmut       14%        3d7       36%         5
 Agony                    Necr           22%        N/A       52%         5
 Alistair's Intoxication  Tmut/Pois      14%        N/A       52%         5
 Blade Hands              Tmut           11%        N/A       52%         5
 Dispersal                Tloc           22%        N/A       54%         6
 Lehudib's Crystal Spear  Conj/Erth      37%        10d9      63%         8
 Simulacrum               Ice/Necr       12%        N/A       95%         6
 Death Channel            Necr           11%        N/A       97%         6
 Eringya's Noxious Bog    Tmut/Pois      11%        N/A       97%         6
 Ozocubu's Refrigeration  Ice            14%        4d10      100%        7
 Storm Form               Tmut/Air       16%        N/A       100%        7
 Discord                  Hex            16%        N/A       100%        8
 Ignition                 Fire           11%        3d5       100%        8
 Maxwell's Capacitive Co  Air            22%        ∞         100%        8
 Chain Lightning          Conj/Air       36%        3d48      100%        9
 Animate Armour           Summ/Erth      Unusable   N/A       N/A         4

Dungeon Overview and Level Annotations

Branches:
Dungeon (15/15) Zot: 24387  Temple (0/1) D:7            Lair (5/5) D:8 Zot: 18105
  Swamp (0/4) Lair:3        Snake (3/4) Lair:3 Zot: 13314   Slime (0/5) Lair:5
    Orc (2/2) D:12 Zot: 9413     Elf (0/3) Orc:2        Vaults (0/5) D:14
 Depths (0/4) D:15

Altars:
Elyvilon
Hepliaklqana
Nemelex Xobeh
Okawaru
Qazlal
Sif Muna
Trog
Uskayaw
Xom
Yredelemnul
Zin
The Shining One

Shops:
D:4 (   D:7 *   D:15 (   Orc:2 ([*=**

Portals:
Abyss: D:3

Annotations:
D:5 4 exclusions
D:6 Ghost area, IsvaffelMax's ghost, novice OpCj
Lair:1 Ghost area


Innate Abilities, Weirdness & Mutations

You can spit globs of acid.
Your golden yellow scales are hard. (AC +9)
You cannot fit into any form of body armour.
You have acidic saliva.
You are cold-blooded and may be slowed by cold attacks.
You are resistant to acid. (rCorr)


Message History

The naga warrior constricts you.
The naga warrior hits you with a +0 war axe!
A black mamba comes into view.
You take 16 damage, and have 76/134 hp.
Unknown command.
The naga warrior roars a battlecry!
The naga warrior goes into a battle-frenzy!
The naga warrior constricts you. The naga warrior spits poison at you.
The splash of poison hits you but does no damage.
You resist.
You regained 4 mp, and now have 7/36 mp.
Casting: Arcjolt (mildly dangerous; 1% risk of failure)
Confirm with . or Enter, or press ? or * to list all spells.
Electricity surges outward!
The naga warrior is almost dead.
The naga warrior is heavily wounded.
* * * LOW MAGIC WARNING * * *
The naga warrior hits you with a +0 scimitar!!!
* * * LOW HITPOINT WARNING * * *
The naga warrior constricts you.
The naga warrior hits you with a +0 war axe!
* * * LOW HITPOINT WARNING * * *
You take 49 damage, and have 28/134 hp.
THAT REALLY HURT!
You now have 6/36 mp.
Unknown command.
Unknown command.
Casting: Arcjolt (mildly dangerous; 1% risk of failure)
Confirm with . or Enter, or press ? or * to list all spells.
Electricity surges outward!
You kill the naga warrior!
Sif Muna accepts your kill.
* * * LOW MAGIC WARNING * * *
The naga warrior spits poison at you.
The splash of poison hits you but does no damage.
You resist. The naga warrior constricts you.
You now have 5/36 mp.
Unknown command.
You escape the naga warrior's grasp.
The black mamba barely misses you.
The naga warrior hits you with a +0 scimitar!!!
You die...

###...N......#...S
#...N###....#..#.
##N... #N)...#..
..#######NN#..#
.... #N##.## #..
.## ##N...##...#
#..#[....#
#.##N..####
#.##@)### ###†S##
#...# #...# .....
.[..... ........#
.........#
.........##


You could see a naga warrior (strong, catching breath) and a black mamba.

Vanquished Creatures
  Jorgrun (Snake:1)
  Frances (Snake:1)
  2 nagarajas
  2 orc warlords
  A stone giant (D:15)
  A fire dragon (Lair:5)
  2 vault guards (D:14)
  4 boulder beetles
  A catoblepas (Lair:2)
  7 hydras
  2 salamander tyrants
  An ogre mage (D:15)
  5 anacondas
  The ghost of confidenceinterval the Covert, a journeyman KoBr of Gozag (Lair:1)
  A dancing weapon (Lair:1)
  A centaur warrior (D:15)
  11 two-headed ogres
  7 naga warriors
  4 death yaks (Lair:4)
  4 tengu warriors
  3 orc high priests
  A nameless horror (Snake:2)
  2 naga sharpshooters
  4 shock serpents (Snake:2)
  4 skeletal warriors (D:15)
  Nergalle (D:10)
  A wizard (D:14)
  4 orc knights
  4 naga ritualists (Snake:2)
  4 deep elf pyromancers
  A lindwurm (Lair:5)
  5 necromancers (D:14)
  6 ugly things
  8 mana vipers
  7 orc sorcerers
  A wolf spider (Lair:5)
  3 cyclopes
  3 manticores
  5 salamanders
  3 elephants
  5 naga magi
  Joseph (D:7)
  35 black mambas
  16 cane toads
  5 torpor snails (Lair:5)
  2 guardian serpents
  2 gargoyles
  An efreet (D:15)
  4 rime drakes
  8 komodo dragons
  A tengu conjurer (D:13)
  2 unseen horrors
  A polar bear (Lair:3)
  5 trolls
  5 tyrant leeches
  Grinder (D:3)
  A wolf spider simulacrum (D:15)
  Prince Ribbit (D:7)
  7 dream sheep (Lair:4)
  11 hornets
  12 blink frogs
  16 slime creatures
  A vampire (D:12)
  2 wraiths (D:11)
  16 wyverns
  43 yaks
  17 humans (D:14)
  3 redbacks (Lair:5)
  4 basilisks
  A steam dragon (Lair:4)
  7 vampire mosquitoes
  Edmund (D:4)
  5 wargs
  23 nagas
  A swamp worm (Lair:2)
  24 water moccasins
  An acid dragon (D:11)
  Duvessa (D:4)
  33 orc warriors
  3 black bears
  The ghost of tensugalgo the Cudgeller, an amateur MeRe (D:3)
  8 wolves
  5 ogres
  9 centaurs
  4 boggarts (D:14)
  2 phantoms
  2 kobold brigands
  16 bullfrogs
  2 gnoll sergeants (D:8)
  3 scorpions
  A necrophage (D:8)
  Dowan (D:4)
  2 howler monkeys
  8 jellies
  2 hounds
  20 orc priests
  Crazy Yiuf (D:2)
  An iron imp (D:3)
  Ijyb (D:2)
  Jessica (D:2)
  3 gnoll boudas
  Natasha (thrice) (D:4)
  9 hell rats (Lair:2)
  37 orc wizards
  2 small abominations (D:3)
  19 gnolls
  6 adders
  8 river rats (Lair:2)
  A shadow imp (D:6)
  A white imp (D:7)
  An ufetubus (D:6)
  A worm (D:3)
  A dart slug (D:1)
  98 orcs
  9 endoplasms
  4 giant cockroaches
  10 goblins
  4 hobgoblins
  3 jackals (D:1)
  13 kobolds
  A quokka (D:2)
  8 ball pythons
  2 bats (D:2)
  3 frilled lizards
  5 rats
799 creatures vanquished.

Vanquished Creatures (collateral kills)
  Aizul (Snake:3)
  A naga warrior (Snake:2)
  A shock serpent (Snake:2)
  2 naga ritualists
  5 black mambas (Snake:3)
  A yak (Lair:5)
11 creatures vanquished.

Vanquished Creatures (others)
  A naga (Snake:2)
  An orc wizard (Orc:1)
  55 fulminant prisms
  43 fungi
  197 plants
297 creatures vanquished.

Grand Total: 1107 creatures vanquished

Notes
Turn   | Place    | Note
-------+----------+-------------------------------------------
     0 | D:1      | Depression the Draconian Conjurer began the quest for the
                  | Orb.
     0 | D:1      | Reached XP level 1. HP: 14/14 MP: 3/3
   140 | D:1      | Reached skill level 2 in Dodging
   140 | D:1      | Reached skill level 2 in Stealth
   236 | D:1      | Reached XP level 2. HP: 20/20 MP: 1/5
   943 | D:1      | Learned a level 2 spell: Searing Ray
  1168 | D:2      | Reached XP level 3. HP: 26/26 MP: 3/6
  1200 | D:2      | Reached skill level 5 in Conjurations
  1465 | D:2      | Noticed Jessica
  1470 | D:2      | Killed Jessica
  1471 | D:2      | Reached XP level 4. HP: 33/33 MP: 1/7
  1807 | D:2      | Found a runed translucent door.
  1808 | D:2      | Noticed Crazy Yiuf
  2566 | D:3      | Found a shimmering blue altar of Sif Muna.
  2582 | D:3      | Became a worshipper of Sif Muna the Loreminder
  2627 | D:3      | Noticed Ijyb
  2634 | D:3      | HP: 7/33 [Ijyb/puff of flame (13)]
  2821 | D:3      | HP: 7/33 [Ijyb/puff of flame (3)]
  2826 | D:2      | Killed Ijyb
  2985 | D:3      | Noticed a black bear
  3013 | D:3      | Found a transporter.
  3028 | D:3      | Noticed Grinder
  3081 | D:3      | Reached skill level 1 in Translocations
  3081 | D:3      | Reached skill level 1 in Invocations
  3081 | D:3      | Reached XP level 5. HP: 38/38 MP: 1/8
  3187 | D:3      | Found a transporter.
  3192 | D:3      | Noticed a small abomination
  3195 | D:3      | Found a one-way gate to the infinite horrors of the Abyss.
  3195 | D:3      | Noticed tensugalgo's ghost (amateur MeRe)
  3636 | D:4      | Identified the +6 dagger of Baaralo {drain, rPois rC- Dex+4
                  | SInv}
  3836 | D:4      | Found an iron altar of Okawaru.
  3868 | D:4      | Reached skill level 6 in Conjurations
  3869 | D:4      | Found a bloodstained altar of Trog.
  3887 | D:4      | Reached * piety under Sif Muna
  4144 | D:4      | Noticed Natasha
  4149 | D:4      | Killed Natasha
  4150 | D:4      | Reached skill level 2 in Invocations
  4166 | D:4      | Reached skill level 2 in Translocations
  4166 | D:4      | Reached XP level 6. HP: 45/45 MP: 10/10
  4171 | D:4      | Noticed Edmund
  4184 | D:4      | Noticed Natasha
  4189 | D:4      | Killed Natasha
  4190 | D:4      | Reached skill level 3 in Spellcasting
  4284 | D:4      | Killed Edmund
  4285 | D:4      | Reached skill level 4 in Spellcasting
  4290 | D:4      | Learned a level 4 spell: Iskenderun's Mystic Blast
  4406 | D:4      | Found a hazy altar of Hepliaklqana.
  4614 | D:4      | Found Fegusuppy's Antique Weapon Shoppe.
  4642 | D:4      | Found a basalt altar of Yredelemnul.
  4646 | D:4      | Found a hide-covered altar of Uskayaw.
  4651 | D:4      | Found a stormy altar of Qazlal.
  4651 | D:4      | Noticed Duvessa
  4651 | D:4      | Noticed Dowan
  4655 | D:4      | Found a sparkling altar of Nemelex Xobeh.
  4661 | D:4      | Your scales start taking on a golden yellow colour.
  4661 | D:4      | Reached XP level 7. HP: 47/50 MP: 13/13
  4661 | D:4      | Gained mutation: You are resistant to acid. (rCorr) [Yellow
                  | Draconian growth]
  4887 | D:4      | Noticed Natasha
  4891 | D:4      | Killed Natasha
  5045 | D:5      | Entered Level 5 of the Dungeon
  5112 | D:5      | Reached skill level 7 in Conjurations
  5697 | D:6      | Found a runed translucent gate.
  5698 | D:6      | Found a runed translucent gate.
  5848 | D:6      | Reached skill level 8 in Conjurations
  5848 | D:6      | Reached skill level 1 in Fighting
  5969 | D:6      | Reached skill level 2 in Fighting
  5969 | D:6      | Reached skill level 3 in Translocations
  5969 | D:6      | Reached XP level 8. HP: 43/61 MP: 14/14
  6067 | D:6      | Reached skill level 4 in Translocations
  6159 | D:6      | Reached skill level 3 in Fighting
  6473 | D:6      | Reached ** piety under Sif Muna
  6483 | D:6      | Reached skill level 4 in Fighting
  6711 | D:6      | Noticed IsvaffelMax's ghost (novice OpCj)
  6753 | D:6      | Found a runed translucent gate.
  7127 | D:2      | Killed Crazy Yiuf
  7128 | D:2      | Reached skill level 9 in Conjurations
  7301 | D:3      | Killed Grinder
  7445 | D:3      | Reached skill level 10 in Conjurations
  7445 | D:3      | Reached XP level 9. HP: 60/71 MP: 15/15
  7487 | D:3      | Killed tensugalgo's ghost
  7617 | D:4      | Killed Dowan
  7619 | D:4      | Killed Duvessa
  7620 | D:4      | Reached skill level 5 in Spellcasting
  8115 | D:7      | Reached skill level 6 in Spellcasting
  8120 | D:7      | Learned a level 4 spell: Fulminant Prism
  8228 | D:7      | Found Zin's Purification Station.
  8228 | D:7      | Found a glowing silver altar of Zin.
  8331 | D:4      | Bought a crystal glaive for 345 gold pieces
  8331 | D:4      | Identified the +5 glaive of Wrongful Imprisonment
                  | {antimagic, Will+ Str+5} (You bought it in a shop on level
                  | 4 of the Dungeon)
  8499 | D:7      | Noticed Joseph
  8517 | D:7      | Killed Joseph
  8678 | D:7      | Reached skill level 5 in Fighting
  8784 | D:7      | Found a staircase to the Ecumenical Temple.
  8881 | D:7      | Noticed Prince Ribbit
  8891 | D:7      | Killed Prince Ribbit
  8891 | D:7      | Reached *** piety under Sif Muna
  9453 | D:7      | Reached skill level 6 in Fighting
  9458 | D:7      | Reached skill level 11 in Conjurations
 10059 | D:8      | Reached XP level 10. HP: 83/83 MP: 19/19
 10295 | D:8      | Found a staircase to the Lair.
 10799 | D:9      | Reached **** piety under Sif Muna
 11370 | D:9      | Reached skill level 12 in Conjurations
 11549 | D:10     | Entered Level 10 of the Dungeon
 11609 | D:10     | Reached skill level 3 in Invocations
 11614 | D:10     | Reached skill level 4 in Invocations
 11721 | D:10     | Noticed Nergalle
 11758 | D:10     | Reached skill level 1 in Hexes
 11770 | D:10     | Reached skill level 2 in Hexes
 11973 | D:10     | Reached skill level 7 in Spellcasting
 12594 | Lair:1   | Entered Level 1 of the Lair of Beasts
 12650 | Lair:1   | Reached skill level 8 in Spellcasting
 12725 | Lair:1   | Noticed a cane toad
 12732 | Lair:1   | Killed a cane toad
 12957 | Lair:1   | Reached XP level 11. HP: 77/89 MP: 19/23
 12962 | Lair:1   | Reached ***** piety under Sif Muna
 12963 | Lair:1   | Reached skill level 13 in Conjurations
 13234 | Lair:1   | You fall into a shaft and drop 1 floor!
 13407 | Lair:2   | Received a gift from Sif Muna
 13767 | Lair:2   | Reached skill level 14 in Conjurations
 13767 | Lair:2   | Reached skill level 5 in Invocations
 14004 | Lair:1   | Learned a level 3 spell: Stone Arrow
 14012 | Lair:1   | Learned a level 7 spell: Orb of Destruction
 14329 | Lair:1   | Found a runed translucent door.
 14329 | Lair:1   | Found a shimmering altar of Xom.
 14329 | Lair:1   | Noticed confidenceinterval's ghost (journeyman KoBr)
 14329 | Lair:1   | Noticed a +2 flail of chaos
 14915 | Lair:2   | Identified a scroll of acquirement
 14916 | Lair:2   | Acquired the ring "Duoxkufe" {rF+ Will+ Int+3 Dex+3}
 15040 | Lair:2   | Noticed a catoblepas
 15052 | Lair:2   | Killed a catoblepas
 15053 | Lair:2   | Reached skill level 1 in Earth Magic
 15053 | Lair:2   | Reached skill level 6 in Invocations
 15393 | Lair:2   | Reached skill level 2 in Earth Magic
 16164 | Lair:2   | HP: 15/89 [swamp worm/harpoon shot (12)]
 16795 | Lair:3   | Found a staircase to the Snake Pit.
 17240 | Lair:3   | Found a staircase to the Swamp.
 17411 | Lair:4   | Reached skill level 9 in Spellcasting
 17486 | Lair:4   | Reached XP level 12. HP: 96/96 MP: 25/25
 17590 | Lair:4   | Received a gift from Sif Muna
 17591 | Lair:4   | Got Sif Muna's Spellbook of Snow and Incandescence {god
                  | gift}
 17732 | Lair:4   | Noticed an eight-headed hydra
 17790 | Lair:4   | Reached skill level 15 in Conjurations
 17795 | Lair:4   | Noticed an eight-headed hydra
 17806 | Lair:3   | HP: 23/96 [blink frog (9)]
 18180 | Lair:4   | Learned a level 5 spell: Iskenderun's Battlesphere
 18251 | Lair:4   | Reached skill level 10 in Spellcasting
 18336 | Lair:4   | Killed an eight-headed hydra
 18376 | Lair:4   | Learned a level 5 spell: Lightning Bolt
 18440 | Lair:4   | Noticed a five-headed hydra
 18445 | Lair:4   | Killed a five-headed hydra
 18446 | Lair:4   | Reached skill level 16 in Conjurations
 18446 | Lair:4   | Reached skill level 1 in Ice Magic
 18539 | Lair:4   | Reached skill level 1 in Air Magic
 18893 | Lair:4   | Reached skill level 2 in Air Magic
 18976 | Lair:4   | Reached skill level 7 in Fighting
 18976 | Lair:4   | Reached skill level 7 in Invocations
 19095 | Lair:4   | Noticed a boulder beetle
 19111 | Lair:4   | Killed a boulder beetle
 19375 | Lair:4   | Noticed a death yak
 19376 | Lair:4   | Noticed a death yak
 19376 | Lair:4   | Noticed a death yak
 19379 | Lair:4   | Noticed a death yak
 19380 | Lair:4   | Killed a death yak
 19380 | Lair:4   | Noticed a seven-headed hydra
 19381 | Lair:4   | Killed a death yak
 19384 | Lair:4   | Killed a death yak
 19384 | Lair:4   | Killed a death yak
 19385 | Lair:4   | Reached XP level 13. HP: 107/107 MP: 0/27
 19388 | Lair:4   | Reached skill level 8 in Fighting
 19388 | Lair:4   | Reached skill level 8 in Invocations
 20201 | Lair:5   | Entered Level 5 of the Lair of Beasts
 20227 | Lair:5   | Reached skill level 3 in Air Magic
 20559 | Lair:5   | Reached skill level 4 in Air Magic
 20562 | Lair:5   | Received a gift from Sif Muna
 20563 | Lair:5   | Got Sif Muna's Compendium of Meteoric Sculpting {god gift}
 20567 | Lair:5   | HP: 18/107 [guardian serpent (19)]
 20575 | Lair:5   | HP: 14/107 [yak (12)]
 20935 | Lair:5   | Found a runed translucent door.
 20937 | Lair:5   | Noticed a fire dragon
 20979 | Lair:5   | HP: 22/107 [black mamba (10)]
 20984 | Lair:5   | HP: 17/107 [poisoned by a guardian serpent (bolt of
                  | poison)]
 20997 | Lair:5   | Reached skill level 11 in Spellcasting
 21734 | Lair:5   | Reached skill level 17 in Conjurations
 22541 | Lair:5   | Found a staircase to the Slime Pits.
 23166 | Lair:5   | Gained mutation: You have acidic saliva. [Yellow Draconian
                  | growth]
 23166 | Lair:5   | Reached XP level 14. HP: 115/115 MP: 26/29
 23329 | Lair:5   | Reached skill level 12 in Spellcasting
 23396 | Lair:5   | Learned a level 5 spell: Arcjolt
 23781 | Lair:1   | Killed confidenceinterval's ghost
 23973 | D:10     | Killed Nergalle
 24262 | D:11     | Acquired the +6 quarterstaff "Buitoap" {vorpal, Drain rC++
                  | Dex+4}
 25477 | D:12     | HP: 28/116 [centaur/arrow (7)]
 25482 | D:12     | HP: 9/116 [boulder beetle (19)]
 25697 | D:12     | Reached skill level 9 in Fighting
 26368 | D:12     | Found a staircase to the Orcish Mines.
 26751 | Orc:1    | Entered Level 1 of the Orcish Mines
 26751 | Orc:1    | You fall into a shaft and drop 1 floor!
 26751 | Orc:2    | Entered Level 2 of the Orcish Mines
 26751 | Orc:2    | Noticed an orc warlord
 26751 | Orc:2    | Found Jobyrr's Antique Weapon Emporium.
 26754 | Orc:2    | Received a gift from Sif Muna
 26881 | Orc:2    | Reached skill level 18 in Conjurations
 27009 | Orc:2    | Found a staircase to the Elven Halls.
 27589 | Orc:1    | Noticed an orc warlord
 27604 | Orc:1    | Reached skill level 10 in Fighting
 27604 | Orc:1    | Reached skill level 13 in Spellcasting
 27605 | Orc:1    | Killed an orc warlord
 28303 | Orc:2    | Killed an orc warlord
 28666 | Orc:2    | Found Dossauhoha's General Store.
 28668 | Orc:2    | Found Bafristroqucs's Specific Store.
 28773 | Orc:2    | Found Varaniet's Jewellery Emporium.
 28884 | Orc:2    | Got Sif Muna's Quarto of the Jaunt and Unhallowed Secrets
                  | {god gift}
 28889 | Orc:2    | Learned a level 3 spell: Vhi's Electric Charge
 28903 | Orc:2    | Found Toemyll's General Store.
 28918 | Orc:2    | Found Guzohas's Antique Armour Emporium.
 28926 | Orc:2    | Bought a pair of runed boots for 157 gold pieces
 29226 | Orc:2    | Bought a potion of mutation for 120 gold pieces
 29226 | Orc:2    | Bought a scroll of butterflies for 60 gold pieces
 29226 | Orc:2    | Bought a scroll of teleportation for 45 gold pieces
 29262 | Orc:2    | Bought a scroll of butterflies for 56 gold pieces
 29278 | Orc:2    | Bought a runed demon blade for 396 gold pieces
 29505 | D:13     | Reached skill level 1 in Evocations
 29723 | D:13     | Received a gift from Sif Muna
 29727 | D:13     | Got Sif Muna's Lectures on Planar Malediction {god gift}
 29979 | D:13     | Reached skill level 1 in Summonings
 30335 | D:13     | Reached skill level 14 in Spellcasting
 30335 | D:13     | Reached skill level 2 in Evocations
 30689 | D:14     | Reached XP level 15. HP: 121/126 MP: 29/33
 30723 | D:14     | Reached skill level 2 in Summonings
 30987 | D:14     | Reached skill level 3 in Evocations
 31010 | D:14     | Reached skill level 3 in Summonings
 31257 | D:14     | Found a gate to the Vaults.
 31871 | D:14     | You fall into a shaft and drop 1 floor!
 31871 | D:15     | Entered Level 15 of the Dungeon
 31908 | D:15     | Reached skill level 4 in Evocations
 32430 | D:14     | Reached skill level 4 in Summonings
 32463 | D:14     | Found a glowing golden altar of the Shining One.
 32466 | D:14     | Found a white marble altar of Elyvilon.
 32468 | D:14     | Found a glowing silver altar of Zin.
 33011 | D:15     | Reached skill level 5 in Evocations
 33166 | D:15     | Found Baebb's Weapon Boutique.
 33345 | D:15     | Found a shimmering blue altar of Sif Muna.
 33385 | D:15     | Reached skill level 5 in Summonings
 33386 | D:15     | Received a gift from Sif Muna
 33388 | D:15     | Reached skill level 15 in Spellcasting
 33403 | D:15     | HP: 23/126 [skeletal warrior/+0 hand axe (18)]
 33403 | D:15     | HP: 5/126 [skeletal warrior/+0 glaive (18)]
 33823 | D:15     | Found a staircase to the Depths.
 33828 | D:15     | HP: 23/126 [stone giant/large rock (50)]
 34512 | Snake:1  | Entered Level 1 of the Snake Pit
 34515 | Snake:1  | Noticed a nagaraja
 34521 | Snake:1  | Noticed Frances
 34526 | Snake:1  | Killed a nagaraja
 34531 | Snake:1  | HP: 29/126 [black mamba (7)]
 34536 | Lair:3   | HP: 22/126 [poisoned by a black mamba]
 34541 | Lair:3   | HP: 21/126 [poisoned by a black mamba]
 34828 | Snake:1  | HP: 28/126 [Frances/+1 trident of venom (23)]
 34829 | Snake:1  | Killed Frances
 34829 | Snake:1  | HP: 11/126 [mana viper (10)]
 34831 | Snake:1  | HP: 4/126 [naga/+0 war axe (14)]
 34831 | Snake:1  | HP: 1/126 [constriction (3)]
 35368 | Snake:1  | Reached skill level 16 in Spellcasting
 35376 | Snake:1  | Learned a level 7 spell: Spellforged Servitor
 35771 | Snake:1  | Acquired the +1 hat "Zobretzi" {rElec}
 35844 | Snake:1  | Noticed Jorgrun
 35854 | Snake:1  | Killed Jorgrun
 36206 | Snake:2  | Reached skill level 3 in Dodging
 36210 | Snake:2  | Reached XP level 16. HP: 132/134 MP: 6/36
 36656 | Snake:2  | Reached skill level 4 in Dodging
 37234 | Snake:1  | Upgraded the game from 0.30-a0-415-g685d318daa to
                  | 0.30-a0-424-g7412bad402
 37317 | Snake:2  | Reached skill level 5 in Dodging
 37858 | Snake:2  | Received a gift from Sif Muna
 38108 | Snake:2  | Reached skill level 19 in Conjurations
 38109 | Snake:2  | Reached skill level 3 in Earth Magic
 38668 | Snake:2  | Reached skill level 4 in Earth Magic
 38838 | Snake:2  | Identified the +1 short sword "Spiderbane" {vorpal, rPois
                  | rN+ Int+4 Dex+4}
 39113 | Snake:3  | Upgraded the game from 0.30-a0-424-g7412bad402 to
                  | 0.30-a0-457-g4b7bca3bfa
 39297 | Snake:3  | Upgraded the game from 0.30-a0-457-g4b7bca3bfa to
                  | 0.30-a0-591-g3c58d2bc28
 39316 | Snake:3  | Noticed Aizul
 39327 | Snake:3  | Killed Aizul
 39328 | Snake:3  | Reached skill level 5 in Earth Magic
 39630 | Snake:2  | Upgraded the game from 0.30-a0-591-g3c58d2bc28 to
                  | 0.30-a0-728-gc68057be0a
 39643 | Snake:3  | HP: 28/134 [naga warrior/+0 war axe (13)]
 39645 | Snake:3  | Mangled by a naga warrior

Illustrated notes

Levels and vault maps discovered:
D:1:      erik_arrival_orb_chamber, layout_basic, serial_bayou,
          serial_bayou_pond_e, serial_bayou_pond_e, serial_bayou_shore_b,
          serial_bayou_pond_e, serial_bayou_lake_a, minmay_tetromino_s2
D:2:      layout_basic, serial_aquarium, aquarium_bridge_straight
          [aquarium_subvault_bridge, aquarium_subvault_window,
          aquarium_subvault_bridge, aquarium_subvault_window],
          aquarium_bridge_square [aquarium_subvault_window,
          aquarium_subvault_window, aquarium_subvault_bridge,
          aquarium_subvault_wall], aquarium_window_double,
          aquarium_window_corner, aquarium_view_2d, aquarium_balcony_3a,
          uniq_crazy_yiuf_cottage, uniq_jessica
D:3:      layout_basic, old_standard_altar, gammafunk_ghost_abyssal_escape,
          amethyst_killhole, uniq_ijyb, uniq_grinder
D:4:      layout_basic, marbit_many_paths, nicolae_hepliaklqana_hazy_memory,
          trog_hazing_becter, grunt_temple_overflow_cloverleaf, serial_glass,
          glass_columns_c, glass_columns_a, serial_shops,
          nicolae_shop_hallway_plus, nrook_mini_vaults, uniq_duvessa,
          uniq_edmund, uniq_natasha
D:5:      layout_cave_pools, minmay_misc_feat_tiny, kennysheep_cross_bottleneck,
          lemuel_flamethrower_2
D:6:      minmay_general_purpose_star, layout_loops_corners, gammafunk_ghost_icy
D:7:      layout_layer_cave, zin_purify, minmay_temple_entry_proselytizer,
          uniq_prince_ribbit1, uniq_joseph
D:8:      layout_rooms, lair_entry_dummy
D:9:      layout_loops_corners
D:10:     layout_roguey, uniq_nergalle
D:11:     layout_basic, minmay_misc_feat_room, minmay_misc_feat_five,
          nicolae_elevator_lobby_asterisk
D:12:     layout_big_octagon, hiddenorc2_lemuel, blue_anna_alchemist
D:13:     layout_stronghold, skrybe_limestone_x
D:14:     layout_cave_pods, grunt_vaults_entry_tiered, good_gods_temple_1
D:15:     grunt_enter_depths_snipers, layout_loops_cross, led_sif_pool,
          serial_shops, nicolae_shop_bloodbath_and_beyond
Lair:1:   layout_layer_cave, ebering_ghost_xom
Lair:2:   layout_cave_pods, minivault_23, kennysheep_rathole, grunt_megastairs_5
Lair:3:   layout_hall_layers, minmay_swamp_entry_worms,
          guppyfry_snake_entry_island, dreamdust_mushroom_princess
Lair:4:   nzn_winding_woodlands_stair_cross
          [nzn_winding_woodlands_5x15_river_crossing,
          nzn_winding_woodlands_center_garden, nzn_winding_woodlands_5x15_eye,
          nzn_winding_woodlands_5x5_checkerboard,
          nzn_winding_woodlands_5x5_cross, nzn_winding_woodlands_5x15_sawtooth,
          nzn_winding_woodlands_center_pierced_h,
          nzn_winding_woodlands_5x15_crooked], layout_regular_city,
          serial_forest, infiniplex_forest_end_double,
          infiniplex_forest_straight_2, infiniplex_forest_clump_tiny,
          infiniplex_forest_clump_diagonal, infiniplex_forest_corner_2,
          infiniplex_forest_lined_2, infiniplex_forest_lined_room_2,
          infiniplex_forest_corner_1, portal_ice_cave_rime
Lair:5:   hangedman_lair_tendril_chambers, layout_regular_city, wormcave,
          nicolae_slime_entry_slimehenge, dreamdust_gnoll_shepherd
Snake:1:  layout_misc_corridors, eino_curves_04, uniq_frances, uniq_jorgrun
Snake:2:  layout_onion_interference, nicolae_snake_snakes_in_the_grass
Snake:3:  layout_onion_interference, grunt_megastairs_4, uniq_aizul
Orc:1:    layout_diamond_mine, nicolae_orc_rockfall, nicolae_orc_pool_cavern
Orc:2:    grunt_orc_cross, layout_diamond_mine, nicolae_specific_store,
          kennysheep_orc_chapel

Skill      XL: |  1  2  3  4  5  6  7  8  9 10 11 12 13 14 15 16 |
---------------+-------------------------------------------------+-----
Dodging        | 2 3 5 |  5.0
Stealth        | 2 |  2.0
Conjurations   | 5 6 8 10 11 12 14 16 17 18 19 | 19.4
Translocations | 1 2 3 4 |  4.0
Invocations    | 1 2 4 6 7 8 |  8.0
Spellcasting   | 4 6 8 9 10 11 14 16 | 16.0
Fighting       | 2 4 6 7 8 10 | 10.0
Hexes          | 2 |  2.0
Earth Magic    | 2 5 |  5.5
Ice Magic      | 1 |  1.0
Air Magic      | 2 4 |  4.0
Evocations     | 2 5 |  5.0
Summonings     | 1 5 |  5.0

Action                     |  1- 3 |  4- 6 |  7- 9 | 10-12 | 13-15 | 16-18 || total
---------------------------+-------+-------+-------+-------+-------+-------++-------
  Melee: Morningstar       |     8 |    10 |     8 |       |       |       ||    26
         Tailslap          |       |     1 |     2 |    15 |    12 |    11 ||    41
         Trident           |       |       |       |    89 |    16 |       ||   105
         Punch             |       |       |       |     2 |       |       ||     2
         Quarterstaff      |       |       |       |       |    64 |    53 ||   117
         Bite              |       |       |       |       |    12 |     7 ||    19
   Fire: Longbow           |       |       |    25 |     5 |       |       ||    30
  Throw: Dart              |       |       |       |     2 |       |       ||     2
   Cast: Magic Dart        |    51 |    93 |    69 |   153 |   118 |     2 ||   486
         Searing Ray       |       |    16 |    57 |    66 |     3 |     1 ||   143
         Iskenderun's Myst |       |       |     7 |    43 |    23 |       ||    73
         Fulminant Prism   |       |       |     3 |    32 |    20 |       ||    55
         Stone Arrow       |       |       |       |    19 |   303 |   117 ||   439
         Orb of Destructio |       |       |       |     4 |    31 |     6 ||    41
         Lightning Bolt    |       |       |       |    10 |    52 |     4 ||    66
         Iskenderun's Batt |       |       |       |     9 |    27 |     1 ||    37
         Arcjolt           |       |       |       |       |   136 |    58 ||   194
         Vhi's Electric Ch |       |       |       |       |     4 |     1 ||     5
         Spellforged Servi |       |       |       |       |     1 |     3 ||     4
 Invoke: Channel Magic     |       |       |       |     1 |     5 |     2 ||     8
Ability: Breathe Acid      |       |       |     6 |     5 |    32 |    11 ||    54
  Evoke: Wand              |       |       |       |     3 |     4 |     4 ||    11
         Lightning rod     |       |       |       |       |       |     1 ||     1
         Phial of floods   |       |       |       |       |       |     1 ||     1
    Use: Scroll            |       |       |       |    21 |    18 |     1 ||    40
         Potion            |       |       |       |     1 |     9 |       ||    10
   Stab: Sleeping          |       |       |     1 |       |       |       ||     1
         Distracted        |       |       |       |       |     1 |       ||     1
 Armour: Skin              |    10 |     9 |    50 |   111 |   151 |   103 ||   434
  Dodge: Dodged            |     5 |    17 |    63 |   177 |   257 |   137 ||   656

Table legend: (Time is in decaauts)
 A = Elapsed time spent in this place.
 B = Non-inter-level travel time spent in this place.
 C = Inter-level travel time spent in this place.
 D = Time resting spent in this place.
 E = Time spent auto-exploring this place.
 F = Levels seen in this place.
 G = Mean time per level.
                   A        B        C        D        E       F      G
               +--------+--------+--------+--------+--------+-----+--------+
         Total |  39839 |  37979 |   1860 |   2106 |  28577 |  25 | 1593.6 |
       Dungeon |  20673 |  19459 |   1214 |   1245 |  14293 |  15 | 1378.2 |
          Lair |  11894 |  11444 |    450 |    440 |   8942 |   5 | 2378.8 |
     Snake Pit |   4684 |   4642 |     42 |    259 |   3551 |   3 | 1561.3 |
  Orcish Mines |   2586 |   2434 |    152 |    162 |   1790 |   2 | 1293.0 |
               +--------+--------+--------+--------+--------+-----+--------+

Top non-repeatable levels by time:
  Lair:5: 3016 daAuts
 Snake:2: 2614 daAuts
  Lair:4: 2522 daAuts
  Lair:3: 2409 daAuts
  Lair:2: 2101 daAuts
    D:14: 2068 daAuts
 Snake:1: 1912 daAuts
     D:7: 1902 daAuts
  Lair:1: 1843 daAuts
     D:4: 1816 daAuts
     D:2: 1660 daAuts
    D:15: 1532 daAuts
     D:6: 1507 daAuts
    D:11: 1500 daAuts
    D:13: 1436 daAuts
